 Dungeon Sprint DCSS version 0.23.1 (webtiles) character file.

Game seed: 12558763350574544949

3819 wilfster70 the Covert (level 10, 70/82 HPs)
             Began as a Gnoll Enchanter on Mar 8, 2019.
             Was a Priest of Wu Jian.
             Quit the game in the Dungeon (Sprint I: "Red Sonja").
             The game lasted 00:04:20 (464 turns).

wilfster70 the Covert (Gnoll Enchanter)              Turns: 464, Time: 00:04:20

Health: 70/82      AC:  3    Str: 10    XL:     10   Next: 17%
Magic:  23/23      EV: 18    Int: 21    God:    Wu Jian [***...]
Gold:   572        SH:  0    Dex: 16    Spells: 22/28 levels left

rFire    . . .     SeeInvis .   a - +1 dagger
rCold    . . .     Gourm    .   (no shield)
rNeg     . . .     Faith    .   q - +0 troll leather armour
rPois    .         Spirit   .   n - +1 helmet
rElec    .         Reflect  .   (no cloak)
rCorr    .         Harm     .   (no gloves)
MR       .....     NoTele   +   (no boots)
Stlth    ++++......             (no amulet)
HPRegen  0.63/turn              (no ring)
MPRegen  0.18/turn              (no ring)

@: corroded
A: distributed training, fangs 1, strong nose
a: Wall Jump, Serpent's Lash, Renounce Religion


You were in the Dungeon.
You worshipped Wu Jian.
Wu Jian was most pleased with you.
You were not hungry.

You visited 1 branch You collected 789 gold pieces.
You spent 217 gold pieces at shops.

Inventory:

Hand Weapons
 a - a +1 dagger (weapon)
 o - a +0 blowgun
Missiles
 p - 5 curare-tipped needles
Armour
 n - a +1 helmet (worn)
 q - a +0 troll leather armour (worn)
Wands
 c - a wand of flame (20)
Scrolls
 b - a scroll of identify {unknown}
 j - a scroll of blinking
 k - a scroll of random uselessness {unknown}
 r - a scroll of amnesia {unknown}
Potions
 e - a potion of curing
 f - 2 potions of heal wounds
 g - a potion of haste
 h - 2 potions of magic
 i - a potion of degeneration {unknown}
 l - 2 potions of flight {unknown}
Comestibles
 d - a ration
 m - 7 chunks of flesh


   Skills:
 + Level 8.4 Fighting
 + Level 8.9 Short Blades
 + Level 8.4 Long Blades
 + Level 8.4 Axes
 + Level 8.4 Maces & Flails
 + Level 8.4 Polearms
 + Level 8.4 Staves
 + Level 8.4 Slings
 + Level 8.4 Bows
 + Level 8.4 Crossbows
 + Level 8.4 Throwing
 + Level 8.4 Armour
 + Level 9.6 Dodging
 + Level 10.3 Stealth
 + Level 8.4 Shields
 + Level 8.4 Unarmed Combat
 + Level 9.8 Spellcasting
 + Level 7.0 Conjurations
 + Level 9.0 Hexes
 + Level 7.0 Charms
 + Level 7.0 Summonings
 + Level 7.0 Necromancy
 + Level 7.0 Translocations
 + Level 7.0 Transmutations
 + Level 7.0 Fire Magic
 + Level 7.0 Ice Magic
 + Level 7.0 Air Magic
 + Level 7.0 Earth Magic
 + Level 7.0 Poison Magic
 + Level 9.2 Invocations
 + Level 8.4 Evocations


You had 22 spell levels left.
You knew the following spells:

 Your Spells              Type           Power        Failure   Level  Hunger
a - Corona                Hex            #####..      1%          1    None
b - Ensorcelled Hibernat  Hex/Ice        #####.       1%          2    None
c - Confuse               Hex            #####...     1%          3    None

Your spell library contained the following spells:

 Spells                   Type           Power        Failure   Level  Hunger
 Dazzling Spray           Conj/Hex       #####.       1%          3    None
 Tukima's Dance           Hex            #####...     1%          3    None


Dungeon Overview and Level Annotations

Branches:
Dungeon (1/1)

Altars:
Cheibriados
Dithmenos
Elyvilon
Fedhas
Gozag
Hepliaklqana
Kikubaaqudgha
Nemelex Xobeh
Okawaru
Qazlal
Ru
Sif Muna
Trog
Uskayaw
Vehumet
Wu Jian
Yredelemnul
Zin
The Shining One

Shops:
D :[%[(%[(*=(?**?[[


Innate Abilities, Weirdness & Mutations

Your experience applies equally to all skills.
You have very sharp teeth.
Your uncanny sense of smell can sniff out nearby items.


Message History

There is an entrance to Uforhien's Magic Scroll Emporium here.
You spin and attack the necrophage repeatedly.
You completely miss the necrophage.
You bite the necrophage, but do no damage.
You hit the necrophage but do no damage.
The necrophage misses you.
Found Loar Deu's Food Emporium.
There is an entrance to Hifiqus's Assorted Antiques here.
Found Lumisouf's Weapon Boutique and Elut's Armour Shoppe.
There is an entrance to Ocremumo's Magic Scroll Shoppe here.
Found Hont's Food Shop.
There is an entrance to Erghoalea's Antique Weapon Shop here.
There is an entrance to Kimapalo's Jewellery Emporium here.
There is an entrance to Atoosilu's General Store here.
There is an entrance to Vuklum's Weapon Shoppe here.
There is an entrance to Guteg's Antique Armour Shop here.
There is an entrance to Loar Deu's Food Emporium here.
There is an entrance to Lumisouf's Weapon Boutique here.
There is an entrance to Elut's Armour Shoppe here.
Are you sure you want to abandon this character and quit the game? (Confirm with "yes".)

∆∆∆∆∆#+++######§#∆∆
∆∆∆∆∆#JJ....§§#§#
####J.J.§.§#§§#∆∆
∆n($.......≈####∆
∆)?.......≈≈# ∆∆∆
...nn.JJ≈≈## ∆∆
#..≈≈≈J### ∆
###+######'### ∆∆∆∆
#∩@########∩∩#
##∩n∩J∩J∩∩∩∩##
############ ∆


You could see a necrophage and 2 jellies.

Vanquished Creatures
  2 centaur warriors (D)
  Sonja (D)
  A deep troll (D)
  An oklob plant (D)
  A hornet (D)
  2 redbacks (D)
  Sigmund (D)
  A yak (D)
  A floating eye (D)
  An ogre (D)
  A jelly (D)
  Ijyb (D)
14 creatures vanquished.

Notes
Turn   | Place    | Note
-------+----------+-------------------------------------------
     0 | D        | wilfster70 the Gnoll Enchanter began the quest for the Orb.
     0 | D        | Reached XP level 1. HP: 13/13 MP: 6/6
     1 | D        | Noticed Ijyb
     9 | D        | Killed Ijyb
     9 | D        | Reached skill level 1 in Fighting
     9 | D        | Reached skill level 1 in Long Blades
     9 | D        | Reached skill level 1 in Axes
     9 | D        | Reached skill level 1 in Maces & Flails
     9 | D        | Reached skill level 1 in Polearms
     9 | D        | Reached skill level 1 in Staves
     9 | D        | Reached skill level 1 in Slings
     9 | D        | Reached skill level 1 in Bows
     9 | D        | Reached skill level 1 in Crossbows
     9 | D        | Reached skill level 1 in Throwing
     9 | D        | Reached skill level 1 in Armour
     9 | D        | Reached skill level 6 in Stealth
     9 | D        | Reached skill level 1 in Shields
     9 | D        | Reached skill level 1 in Unarmed Combat
     9 | D        | Reached skill level 5 in Spellcasting
     9 | D        | Reached skill level 1 in Conjurations
     9 | D        | Reached skill level 1 in Charms
     9 | D        | Reached skill level 1 in Summonings
     9 | D        | Reached skill level 1 in Necromancy
     9 | D        | Reached skill level 1 in Translocations
     9 | D        | Reached skill level 1 in Transmutations
     9 | D        | Reached skill level 1 in Fire Magic
     9 | D        | Reached skill level 1 in Ice Magic
     9 | D        | Reached skill level 1 in Air Magic
     9 | D        | Reached skill level 1 in Earth Magic
     9 | D        | Reached skill level 1 in Poison Magic
     9 | D        | Reached skill level 1 in Invocations
     9 | D        | Reached skill level 1 in Evocations
     9 | D        | Reached XP level 2. HP: 21/21 MP: 8/8
    28 | D        | Learned a level 2 spell: Ensorcelled Hibernation
    72 | D        | Noticed an ogre
    75 | D        | Killed an ogre
    75 | D        | Reached skill level 5 in Dodging
    75 | D        | Reached XP level 3. HP: 29/29 MP: 5/10
    75 | D        | Reached XP level 4. HP: 35/35 MP: 5/11
   128 | D        | Learned a level 3 spell: Confuse
   136 | D        | Noticed Sigmund
   141 | D        | Killed Sigmund
   141 | D        | Reached skill level 5 in Short Blades
   141 | D        | Reached skill level 7 in Stealth
   141 | D        | Reached XP level 5. HP: 33/42 MP: 8/14
   141 | D        | Reached XP level 6. HP: 38/48 MP: 8/15
   213 | D        | Found a deep blue altar of Sif Muna.
   214 | D        | Found an ornate altar of the Wu Jian Council.
   215 | D        | Found a radiant altar of Vehumet.
   223 | D        | Became a worshipper of the Wu Jian Council
   250 | D        | Found Tecal's Antique Armour Emporium.
   250 | D        | Found an ancient bone altar of Kikubaaqudgha.
   250 | D        | Found a hazy altar of Hepliaklqana.
   250 | D        | Found a hide-covered altar of Uskayaw.
   250 | D        | Found a basalt altar of Yredelemnul.
   250 | D        | Found an opulent altar of Gozag.
   250 | D        | Found a snail-covered altar of Cheibriados.
   250 | D        | Found a sacrificial altar of Ru.
   250 | D        | Found a shadowy altar of Dithmenos.
   250 | D        | Noticed a yak
   251 | D        | Found a stormy altar of Qazlal.
   251 | D        | Found a blossoming altar of Fedhas.
   251 | D        | Found a bloodstained altar of Trog.
   251 | D        | Found an iron altar of Okawaru.
   251 | D        | Found a glowing golden altar of the Shining One.
   251 | D        | Found a glowing silver altar of Zin.
   251 | D        | Found a white marble altar of Elyvilon.
   252 | D        | Killed a yak
   252 | D        | Reached skill level 5 in Invocations
   253 | D        | Found a sparkling altar of Nemelex Xobeh.
   259 | D        | Bought a shiny helmet for 217 gold pieces
   273 | D        | Noticed Sonja
   275 | D        | Killed Sonja
   275 | D        | Reached skill level 8 in Stealth
   275 | D        | Reached skill level 5 in Conjurations
   275 | D        | Reached skill level 5 in Charms
   275 | D        | Reached skill level 5 in Summonings
   275 | D        | Reached skill level 5 in Necromancy
   275 | D        | Reached skill level 5 in Translocations
   275 | D        | Reached skill level 5 in Transmutations
   275 | D        | Reached skill level 5 in Fire Magic
   275 | D        | Reached skill level 5 in Ice Magic
   275 | D        | Reached skill level 5 in Air Magic
   275 | D        | Reached skill level 5 in Earth Magic
   275 | D        | Reached skill level 5 in Poison Magic
   275 | D        | Reached XP level 7. HP: 58/58 MP: 14/18
   275 | D        | Reached XP level 8. HP: 64/64 MP: 15/20
   294 | D        | Found Uwyh's Book Boutique.
   302 | D        | Noticed a deep troll
   305 | D        | Killed a deep troll
   305 | D        | Reached * piety under Wu Jian
   305 | D        | Reached skill level 9 in Stealth
   329 | D        | Found Mushrock's Armour Emporium.
   351 | D        | Noticed a centaur warrior
   351 | D        | Noticed a centaur warrior
   354 | D        | Killed a centaur warrior
   354 | D        | Reached XP level 9. HP: 45/72 MP: 18/22
   355 | D        | Killed a centaur warrior
   400 | D        | Noticed a hornet
   402 | D        | Killed a hornet
   402 | D        | Reached ** piety under Wu Jian
   402 | D        | Reached skill level 10 in Stealth
   412 | D        | Noticed an oklob plant
   414 | D        | Killed an oklob plant
   414 | D        | Reached XP level 10. HP: 80/80 MP: 23/23
   442 | D        | Reached *** piety under Wu Jian
   450 | D        | Found the +6 Majin-Bo {vamp, Archmagi MP+6 Int+6}
   450 | D        | Found Esoaw's Assorted Antiques.
   450 | D        | Found Qaothut's Antique Armour Emporium.
   450 | D        | Found Uforhien's Magic Scroll Emporium.
   452 | D        | Found Hifiqus's Assorted Antiques.
   452 | D        | Found Ocremumo's Magic Scroll Shoppe.
   452 | D        | Found Erghoalea's Antique Weapon Shop.
   452 | D        | Found Kimapalo's Jewellery Emporium.
   452 | D        | Found Atoosilu's General Store.
   452 | D        | Found Vuklum's Weapon Shoppe.
   452 | D        | Found Guteg's Antique Armour Shop.
   454 | D        | Found Loar Deu's Food Emporium.
   455 | D        | Found Lumisouf's Weapon Boutique.
   455 | D        | Found Elut's Armour Shoppe.
   456 | D        | Found Hont's Food Shop.
   464 | D        | Quit the game

Skill      XL: |  1  2  3  4  5  6  7  8  9 10 |
---------------+-------------------------------+-----
Fighting       | 1 3 4 6 7 8 |  8.4
Short Blades   | 3 4 5 6 7 8 |  8.9
Long Blades    | 1 3 4 6 7 8 |  8.4
Axes           | 1 3 4 6 7 8 |  8.4
Maces & Flails | 1 3 4 6 7 8 |  8.4
Polearms       | 1 3 4 6 7 8 |  8.4
Staves         | 1 3 4 6 7 8 |  8.4
Slings         | 1 3 4 6 7 8 |  8.4
Bows           | 1 3 4 6 7 8 |  8.4
Crossbows      | 1 3 4 6 7 8 |  8.4
Throwing       | 1 3 4 6 7 8 |  8.4
Armour         | 1 3 4 6 7 8 |  8.4
Stealth        | 6 7 8 9 10 | 10.3
Shields        | 1 3 4 6 7 8 |  8.4
Unarmed Combat | 1 3 4 6 7 8 |  8.4
Spellcasting   | 5 6 8 9 |  9.8
Conjurations   | 1 2 3 5 6 7 |  7.0
Charms         | 1 2 3 5 6 7 |  7.0
Summonings     | 1 2 3 5 6 7 |  7.0
Necromancy     | 1 2 3 5 6 7 |  7.0
Translocations | 1 2 3 5 6 7 |  7.0
Transmutations | 1 2 3 5 6 7 |  7.0
Fire Magic     | 1 2 3 5 6 7 |  7.0
Ice Magic      | 1 2 3 5 6 7 |  7.0
Air Magic      | 1 2 3 5 6 7 |  7.0
Earth Magic    | 1 2 3 5 6 7 |  7.0
Poison Magic   | 1 2 3 5 6 7 |  7.0
Invocations    | 1 3 4 6 8 9 |  9.2
Evocations     | 1 3 4 6 7 8 |  8.4
Dodging        | 5 6 7 8 9 |  9.6
Hexes          | 6 7 8 9 |  9.0

Action                   |  1- 3 |  4- 6 |  7- 9 | 10-12 || total
-------------------------+-------+-------+-------+-------++-------
Melee: Dagger            |     6 |     5 |     5 |    14 ||    30
       Bite              |     1 |       |       |     3 ||     4
 Cast: Ensorcelled Hiber |     1 |     4 |     2 |       ||     7
Invok: Lunge             |       |     1 |     3 |     2 ||     6
       Whirlwind         |       |       |       |     4 ||     4
  Use: Potion            |     1 |       |       |       ||     1
 Stab: Sleeping          |     1 |     4 |     5 |     3 ||    13
Armor: Troll leather arm |       |       |       |     1 ||     1
Dodge: Dodged            |     4 |     1 |       |     7 ||    12
